 Dungeon Crawl Stone Soup version 0.28-a0-48-gfd831c5874 (webtiles) character file.

Game seed: 8677497647409241413

4 flotson the Sneak (level 1, -1/18 HPs)
             Began as a Demonspawn Delver on July 29, 2021.
             Slain by a goblin (2 damage)
             ... led by Robin
             ... on level 2 of the Dungeon.
             The game lasted 00:01:21 (490 turns).

flotson the Sneak (Demonspawn Delver)                Turns: 490, Time: 00:01:21

Health: -1/18      AC:  3    Str: 12    XL:     1   Next: 50%
Magic:  1/1        EV: 11    Int: 11    God:
Gold:   27         SH:  0    Dex: 14    Spells: 0/0 levels left

rFire   . . .      SeeInvis .   b - +0 trident
rCold   . . .      Faith    .   (no shield)
rNeg    . . .      Spirit   .   h - +0 leather armour
rPois   .          Reflect  .   (no helmet)
rElec   .          Harm     .   (no cloak)
rCorr   .          Rampage  .   (no gloves)
Will    .....                   (no boots)
Stlth   ++........              (no amulet)
HPRegen 0.06/turn               (no ring)
MPRegen 0.07/turn               (no ring)

@: no status effects
A: no striking features
a: no special abilities


You were on level 2 of the Dungeon.
You visited 1 branch of the dungeon, and saw 4 of its levels.

You collected 27 gold pieces.

Inventory:

Hand Weapons
 a - a +0 hand axe
 b - a +0 trident (weapon)
Armour
 h - a +0 leather armour (worn)
Wands
 g - a wand of digging (2)
Scrolls
 c - a scroll of fog
 f - a scroll of identify {unknown}
Potions
 d - a potion of lignification {unknown}
 e - a potion of cancellation {unknown}


   Skills:
 + Level 3.0 Fighting
 + Level 1.8 Axes
 + Level 0.2 Armour
 + Level 1.8 Dodging
 - Level 4.5 Stealth


You couldn't memorise any spells.
You didn't know any spells.
Your spell library was empty.

Dungeon Overview and Level Annotations

Branches:
Dungeon (5/15)
 Temple: D:4-7

Altars:

Shops:
D:3 =

Annotations:
D:2 Robin


Message History

The goblin hits you with a +0 club.
You barely miss the goblin.
A goblin comes into view. It is wielding a +0 club.
The goblin closely misses you.
A goblin comes into view. It is wielding a +2 dagger of speed.
You hit the goblin.
The goblin is severely wounded.
The goblin hits you with a +0 club.
A hobgoblin comes into view.
Robin throws the goblin at you!
You barely miss the goblin.
The goblin is severely wounded.
The goblin closely misses you. The goblin completely misses you.
The goblin hits you but does no damage.
You barely miss the goblin.
The goblin is severely wounded.
The goblin barely misses you. The goblin hits you but does no damage.
The goblin closely misses you. The goblin hits you with a +0 club. x2
The goblin closely misses you. The goblin hits you but does no damage.
You are too injured to fight recklessly!
You are too injured to fight recklessly!
You are too injured to fight recklessly!
You are too injured to fight recklessly!
You are too injured to fight recklessly! 2 goblins come into view.
The goblin shouts! x2
A hobgoblin comes into view.
The goblin hits you with a +0 club. x2
* * * LOW HITPOINT WARNING * * *
The goblin hits you but does no damage. The goblin barely misses you.
Robin throws the goblin at you!
* * * LOW HITPOINT WARNING * * *
The goblin barely misses you. x2; The goblin hits you with a +0 club.
* * * LOW HITPOINT WARNING * * *
You barely miss the goblin.
The goblin is severely wounded.
Robin roars a battlecry!
The goblins go into a battle-frenzy!
The goblin hits you with a +0 club.
You die...

#.##..#.#
#.#.#####
......#.####
#....†..#
.##.......#
#.####..#
##.........#
#.# #..#
#.#..#.#..##
#.# #..# #
#........# #.#
#..#
#..#.#.#.# #.#
#..#
#..#.#.g.###.#
#..#
#.....gg@g...#
#..#
#.##.#gg######
#..# # #g.g...
#..#### .
...gg..###
#.....# #
.........
.......###.# #
...###....
..########.# #
#.# ##.##
........# # #.
#.#
######..###
...........


You could see Robin, 2 hobgoblins and 7 goblins.

Vanquished Creatures
  A giant cockroach (D:2)
  A hobgoblin (D:2)
  A kobold (D:2)
3 creatures vanquished.

Notes
Turn   | Place    | Note
-------+----------+-------------------------------------------
     0 | D:5      | flotson the Demonspawn Delver began the quest for the Orb.
     0 | D:5      | Reached XP level 1. HP: 18/18 MP: 1/1
    13 | D:5      | Noticed a scorpion
    31 | D:5      | Noticed an ogre
    36 | D:5      | Noticed a hound
    38 | D:4      | Noticed a jelly
    63 | D:4      | Noticed an iguana
    89 | D:3      | Found Utichagg's Jewellery Emporium.
   483 | D:2      | Noticed Robin
   490 | D:2      | Slain by a goblin

Illustrated notes

Levels and vault maps discovered:
D:2:      layout_loops_ring, uniq_robin
D:3:      layout_basic, portal_sewer_entry_e, serial_shops, nicolae_shop_stone,
          roderic_serpentine_path, grunt_decor_one_mirror, uniq_terence
D:4:      wander_river, layout_cave_pools, mainiacjoe_overflow_small_starburst,
          lightli_corner_chamber
D:5:      layout_rooms, trog_book, kennysheep_doodads,
          minmay_fractal_squares_gapless_5, uniq_edmund

Action                   || total
-------------------------++-------
Melee: Hand axe          ||    13
       Trident           ||     8
Evoke: Wand              ||     1
  Use: Scroll            ||     2
       Potion            ||     1
Armor: Leather armour    ||     7
Dodge: Dodged            ||    17

Table legend: (Time is in decaauts)
 A = Elapsed time spent in this place.
 B = Non-inter-level travel time spent in this place.
 C = Inter-level travel time spent in this place.
 D = Time resting spent in this place.
 E = Time spent auto-exploring this place.
 F = Levels seen in this place.
 G = Mean time per level.
                   A        B        C        D        E       F      G
               +--------+--------+--------+--------+--------+-----+--------+
         Total |    474 |    474 |      0 |      0 |    360 |   4 |  118.5 |
       Dungeon |    474 |    474 |      0 |      0 |    360 |   4 |  118.5 |
               +--------+--------+--------+--------+--------+-----+--------+

Top non-repeatable levels by time:
     D:3: 201 daAuts
     D:2: 200 daAuts
     D:5: 38 daAuts
     D:4: 34 daAuts
